AoeStats
← vedattufan1

Arena

509617480Analyzed
1v1 RM · 4d ago on Sep 27, 2026· 34m 54s· 2 players
Game mode
Random Map
Map size
Tiny (2 player)
Population
200
Speed
Normal
Resources
Standard
Victory
Conquest
Starting age
Dark Age
Ending age
Imperial Age
RankedLock teamsTeams togetherTeam positionsShared explorationLock speedFull tech treeHidden civsTurbo modeCheats
Victory
Defeat
🇹🇷 Dravidians · Türkiye
665
+15
🇫🇷 Vietnamese · France
634
-15
ONE
3:53 Loom
11:31 Feudal Age
12:38 Double-Bit Axe
14:21 Horse Collar
14:56 Gold Mining
16:54 Gold Mining
20:16 Castle Age
20:02 Fletching
21:28 Elite Skirmisher
22:20 Stone Mining
24:20 Wheelbarrow
24:45 Bodkin Arrow
29:06 Padded Archer Armor
33:04 Imperial Age
31:51 Bow Saw
33:22 Devotion
34:32 Bracer
34:24 Imperial Skirmisher
vedattufan1
11:28 Feudal Age
9:43 Loom
11:59 Double-Bit Axe
11:57 Horse Collar
18:14 Castle Age
16:45 Stone Mining
16:56 Gold Mining
17:45 Padded Archer Armor
17:59 Fletching
18:54 Town Watch
21:07 Bow Saw
25:03 Heavy Plow
29:57 Imperial Age
27:03 Elite Skirmisher
28:12 Scale Mail Armor
29:42 Forging
30:19 Leather Archer Armor
31:25 Bodkin Arrow
32:39 Chain Mail Armor
33:32 Iron Casting
Connection lost

Rejoining the realm…

Still unreachable

The connection could not be restored.

Session expired

The server has moved on; the page needs a fresh start.